 Dungeon Crawl Stone Soup version 0.26-a0-712-ga5a9c9c9d0 (webtiles) character file.

Game seed: 1876636688692366619

11561 kae the Transmogrifier (level 11, -7/71 HPs)
             Began as a Tengu Transmuter on Nov 13, 2020.
             Was a Follower of Ru.
             Mangled by a boulder beetle (29 damage)
             ... on level 11 of the Dungeon.
             The game lasted 00:10:58 (18311 turns).

kae the Transmogrifier (Tengu Transmuter)          Turns: 18311, Time: 00:10:59

Health: -7/71      AC:  4    Str: 14    XL:     11   Next: 79%
Magic:  12/15      EV: 16    Int: 13    God:    Ru [*.....]
Gold:   744        SH:  0    Dex: 15    Spells: 1/14 levels left

rFire    . . .     SeeInvis .     - Unarmed
rCold    + . .     Faith    .   (shield currently unavailable)
rNeg     . . .     Spirit   .   a - +2 robe
rPois    .         Reflect  .   (helmet restricted)
rElec    .         Harm     .   (no cloak)
rCorr    .         Rampage  .   (gloves currently unavailable)
MR       .....                  (boots unavailable)
Stlth    +.........             (no amulet)
HPRegen  0.21/turn              o - ring of wizardry
MPRegen  0.14/turn              v - ring of protection from cold

@: blade hands
A: beak, talons 3, hated by all, able to fly
a: Fly, End Transformation, Sacrifice Artifice, Sacrifice Essence, Sacrifice
Experience, Reject Sacrifices, Renounce Religion


You were on level 11 of the Dungeon.
You worshipped Ru.
Ru was aware of your devotion.
You had blades for hands.
You visited 2 branches of the dungeon, and saw 12 of its levels.

You collected 744 gold pieces.

Inventory:

Armour
 a - a +2 robe (worn)
 u - a +0 pair of gloves (melded)
Jewellery
 d - a +6 ring of intelligence
 k - an uncursed ring of magical power
 o - a ring of wizardry (left scythe-like blade)
 p - a cursed amulet of inaccuracy
 v - a ring of protection from cold (right scythe-like blade)
Wands
 w - a wand of flame (34)
 x - a wand of paralysis (3)
Scrolls
 b - 2 scrolls of fear
 c - 4 scrolls of teleportation
 f - 3 scrolls of enchant weapon
 m - 3 scrolls of amnesia
 r - 4 scrolls of fog
 y - a scroll of identify
 A - 2 scrolls of blinking
 C - a scroll of enchant armour
 F - a scroll of remove curse
Potions
 e - 2 potions of flight
 g - 3 potions of haste
 h - 4 potions of curing
 i - 2 potions of mutation
 j - a potion of invisibility
 l - 2 potions of degeneration
 n - 2 potions of magic
 q - 4 potions of brilliance
 s - 2 potions of lignification
 t - 5 potions of heal wounds
 z - a potion of stabbing
 B - a potion of ambrosia


   Skills:
 + Level 9.3 Fighting
 + Level 6.3 Dodging
 - Level 10.0 Unarmed Combat
 - Level 2.0 Spellcasting
 - Level 10.0 Transmutations
 - Level 3.0 Ice Magic
 - Level 2.0 Poison Magic


You had one spell level left.
You knew the following spells:

 Your Spells              Type           Power        Failure   Level
a - Beastly Appendage     Tmut           ####..       4%          1
b - Spider Form           Tmut/Pois      ###.......   16%         3
c - Blade Hands           Tmut           ####......   22%         5
d - Ice Form              Ice/Tmut       ###.....     28%         4

Your spell library contained the following spells:

 Spells                   Type           Power        Failure   Level
 Wereblood                Tmut           ####....     5%          2
 Gell's Gravitas          Tloc           #.........   61%         3
 Portal Projectile        Hex/Tloc       #.....       61%         3
 Dispersal                Tloc           #.........   100%        6
 Disjunction              Tloc           #.........   100%        8


Dungeon Overview and Level Annotations

Branches:
Dungeon (11/15)            Temple (1/1) D:6            Lair (0/6) D:8
    Orc (0/2) D:9

Altars:
Ashenzari
Cheibriados
Dithmenos
Elyvilon
Fedhas
Gozag
Hepliaklqana
Kikubaaqudgha
Makhleb
Nemelex Xobeh
Okawaru
Qazlal
Ru
Sif Muna
Trog
Uskayaw
Vehumet
Wu Jian
Xom
Yredelemnul
Zin
The Shining One

Shops:
D:7 [


Innate Abilities, Weirdness & Mutations

You have a beak for a mouth.
You have claws for feet.
You are hated by all.
You can fly continuously.


Message History

The boulder beetle is moderately wounded.
The boulder beetle bites you!
* * * LOW HITPOINT WARNING * * *
You slash the boulder beetle!
The boulder beetle is heavily wounded.
You slash the boulder beetle!
You peck the boulder beetle, but do no damage.
The boulder beetle is heavily wounded.
You redirect the boulder beetle's attack!
The boulder beetle closely misses you.
You slice the boulder beetle!!
You claw the boulder beetle, but do no damage.
The boulder beetle is almost dead.
The boulder beetle closely misses you.
You completely miss the boulder beetle.
You claw the boulder beetle, but do no damage.
You peck the boulder beetle.
The boulder beetle is almost dead.
The boulder beetle bites you!!
You die...

# #### #####+#### '§.##
#........# ##°B#######
#........+ ###...○B○.#
#.<......# #
#######.######@.......#
# #......B........# #
########.<......# #
##########


You could see a boulder beetle.

Vanquished Creatures
  Josephine (D:10)
  Harold (D:8)
  A two-headed ogre (D:11)
  Pikel (D:8)
  Maggie (D:10)
  A kobold demonologist (D:10)
  A hornet (D:9)
  2 slime creatures (D:6)
  Sigmund (D:5)
  A shadow (D:11)
  4 yaks (D:9)
  5 wraiths (D:10)
  2 steam dragons (D:10)
  Edmund (D:4)
  5 water moccasins
  3 black bears
  4 orc warriors
  4 sky beasts
  2 ice beasts
  Purgy (D:4)
  5 ogres
  4 phantoms
  A necrophage (D:8)
  2 centaurs
  2 big kobolds
  2 lemures (D:8)
  7 bullfrogs
  4 scorpions
  A water moccasin zombie (D:6)
  9 killer bees
  3 wights (D:8)
  2 howler monkeys (D:6)
  A crimson imp (D:9)
  A centaur zombie (D:5)
  2 quasits
  4 hounds
  3 jellies
  2 bullfrog skeletons
  3 orc priests
  A centaur skeleton (D:5)
  8 orc wizards
  6 iguanas
  11 worker ants
  Natasha (thrice) (D:4)
  A hound zombie (D:7)
  A hound skeleton (D:6)
  2 worker ant zombies
  Robin (D:4)
  3 gnolls (D:9)
  10 adders
  5 shadow imps
  5 white imps
  An ufetubus (D:7)
  An ooze (D:4)
  2 adder skeletons
  3 adder zombies
  A worm (D:3)
  3 dart slugs
  5 leopard geckos
  21 orcs
  7 bats
  10 giant cockroaches
  11 goblins
  6 hobgoblins
  13 jackals
  18 kobolds
  3 quokkas
  2 frilled lizards
  A giant cockroach zombie (D:5)
  A leopard gecko skeleton (D:9)
  5 rats (D:1)
271 creatures vanquished.

Vanquished Creatures (others)
  A plant (D:2)
1 creature vanquished.

Grand Total: 272 creatures vanquished

Notes
Turn   | Place    | Note
-------+----------+-------------------------------------------
     0 | D:1      | kae the Tengu Transmuter began the quest for the Orb.
     0 | D:1      | Reached XP level 1. HP: 12/12 MP: 4/4
     6 | D:1      | Noticed a four-headed hydra
     6 | D:1      | Noticed a black bear
     6 | D:1      | Noticed a hog
     6 | D:1      | Noticed a salamander
     6 | D:1      | Noticed a snapping turtle
   183 | D:1      | Reached XP level 2. HP: 15/16 MP: 4/6
  1068 | D:1      | Reached XP level 3. HP: 14/20 MP: 5/7
  1073 | D:1      | Learned a level 3 spell: Spider Form
  1780 | D:2      | Found a sparkling altar of Nemelex Xobeh.
  2093 | D:2      | Found a blossoming altar of Fedhas.
  2175 | D:2      | Reached skill level 1 in Poison Magic
  2301 | D:2      | Found a glowing golden altar of the Shining One.
  2901 | D:3      | Reached XP level 4. HP: 25/25 MP: 8/8
  3778 | D:3      | Found a sacrificial altar of Ru.
  3829 | D:3      | Became a worshipper of Ru the Awakened
  4299 | D:4      | Noticed Edmund
  4322 | D:4      | Noticed Robin
  4323 | D:4      | Noticed a bullfrog
  4329 | D:4      | Noticed an ogre
  4529 | D:3      | Killed a bullfrog
  4529 | D:3      | Gained mutation: You can fly continuously. [Tengu growth]
  4529 | D:3      | Reached XP level 5. HP: 21/29 MP: 6/9
  4732 | D:4      | Noticed Natasha
  4754 | D:4      | Killed Edmund
  4754 | D:4      | Reached skill level 5 in Unarmed Combat
  4754 | D:4      | Reached XP level 6. HP: 28/34 MP: 7/10
  4758 | D:4      | Killed Natasha
  4863 | D:4      | Noticed Natasha
  4867 | D:4      | Killed Natasha
  4899 | D:4      | Reached XP level 7. HP: 29/38 MP: 11/11
  5153 | D:4      | Reached skill level 5 in Transmutations
  5170 | D:4      | Learned a level 5 spell: Blade Hands
  5646 | D:4      | Noticed Natasha
  5653 | D:4      | Killed Natasha
  5878 | D:4      | Killed Robin
  5983 | D:4      | Noticed Purgy
  5990 | D:4      | Killed Purgy
  6277 | D:5      | Entered Level 5 of the Dungeon
  6312 | D:5      | Reached XP level 8. HP: 43/43 MP: 10/12
  6654 | D:5      | Found a sparkling altar of Nemelex Xobeh.
  7203 | D:5      | HP: 2/45 [poisoned by a water moccasin]
  7718 | D:5      | Found an ornate altar of the Wu Jian Council.
  7735 | D:5      | Noticed Sigmund
  7867 | D:5      | Killed Sigmund
  8600 | D:6      | Reached XP level 9. HP: 50/51 MP: 9/13
  8893 | D:6      | Found a staircase to the Ecumenical Temple.
  9099 | D:6      | Found a bloodstained altar of Trog.
  9285 | D:6      | Found a hide-covered altar of Uskayaw.
  9285 | D:6      | Noticed a +0 dagger
  9285 | D:6      | Noticed a +0 dagger
  9312 | D:6      | Found a broken altar of Ashenzari.
  9555 | Temple   | Entered the Ecumenical Temple
 10095 | D:6      | Gained mutation: You are hated by all. [Ru sacrifice]
 10095 | D:6      | Reached * piety under Ru
 10452 | D:6      | Reached skill level 5 in Fighting
 10455 | D:6      | Reached XP level 10. HP: 41/59 MP: 4/14
 11450 | D:7      | Found an opulent altar of Gozag.
 11566 | D:7      | Found Qykagadiob's Armour Boutique.
 12571 | D:8      | Noticed Harold
 12578 | D:8      | Killed Harold
 13749 | D:8      | Found a glowing silver altar of Zin.
 13864 | D:8      | Found a staircase to the Lair.
 13979 | D:8      | Learned a level 4 spell: Ice Form
 14018 | D:9      | Noticed Pikel
 14040 | D:8      | Killed Pikel
 14040 | D:8      | Reached skill level 1 in Ice Magic
 14306 | D:9      | Found an ancient bone altar of Kikubaaqudgha.
 14314 | D:9      | Reached skill level 10 in Transmutations
 14679 | D:9      | Reached XP level 11. HP: 66/66 MP: 10/15
 14833 | D:9      | Reached skill level 10 in Unarmed Combat
 14950 | D:9      | Found a radiant altar of Vehumet.
 14992 | D:9      | Found a burning altar of Makhleb.
 15025 | D:9      | Found a staircase to the Orcish Mines.
 15340 | D:9      | Found a hazy altar of Hepliaklqana.
 15709 | D:10     | Entered Level 10 of the Dungeon
 15932 | D:10     | Noticed Josephine
 15957 | D:10     | Killed Josephine
 16282 | D:10     | Noticed Maggie
 16292 | D:10     | Killed Maggie
 16349 | D:10     | Reached skill level 5 in Dodging
 17467 | D:11     | Noticed a two-headed ogre
 17474 | D:11     | Killed a two-headed ogre
 17491 | D:11     | Noticed a boulder beetle
 17972 | D:11     | HP: 3/71 [boulder beetle (5)]
 18311 | D:11     | Mangled by a boulder beetle

Illustrated notes

Levels and vault maps discovered:
D:1:      onia_arrival_zoo_common, layout_basic, st_stairs_3,
          lemuel_old_faithful
D:2:      layout_loops_ring, lemuel_doored_altar, fedhas_altar_2,
          tso_oasis_becter, kennysheep_donut, wad_floor_pattern_untrapped
D:3:      layout_loops_corners, nicolae_ru_sacrificial_ziggurat
D:4:      layout_rooms, uniq_purgy, uniq_robin, uniq_edmund, uniq_natasha
D:5:      layout_basic, overflow_temple_1_default, nemelex_altar_shiori,
          uniq_sigmund
D:6:      minmay_thinvault, layout_loops_ring, dancing_weapons_uskayaw,
          old_standard_altar, kennysheep_mini, minmay_temple_entry_mini_moons
D:7:      layout_layer_cave, nicolae_gozag_cash_rules_everything_around_me,
          serial_shops, shop, st_stairs_3
D:8:      layout_gridville, zin_academy, lair_entry_dummy, uniq_harold
D:9:      layout_cave_pools, grunt_temple_overflow_lords_of_destruction,
          old_standard_altar, lemuel_crystal_altar, orc_0_dummy, uniq_pikel
D:10:     cheibrodos_steamvent, layout_stronghold, minivault_23,
          chequers_serial_rivers_micro_e, uniq_josephine, uniq_maggie
D:11:     layout_roguey, nicolae_water_bricks, nicolae_ashenzari_panopticon
Temple:   nicolae_temple_figure_zero

Skill      XL: |  1  2  3  4  5  6  7  8  9 10 11 |
---------------+----------------------------------+-----
Transmutations | 2 3 4 5 7 8 10 | 10.0
Poison Magic   | 1 2 |  2.0
Unarmed Combat | 4 5 6 7 8 9 10 | 10.0
Fighting       | 3 5 6 9 |  9.3
Ice Magic      | 2 3 |  3.0
Dodging        | 6 |  6.3
Spellcasting   | |  2.0

Action                   |  1- 3 |  4- 6 |  7- 9 | 10-12 || total
-------------------------+-------+-------+-------+-------++-------
Melee: Unarmed           |    90 |   108 |   279 |   370 ||   847
       Kick              |    26 |    21 |    20 |    66 ||   133
       Peck              |    10 |     8 |    12 |    44 ||    74
       Headbutt          |     4 |     8 |     7 |     2 ||    21
       Punch             |       |     2 |     3 |    10 ||    15
 Cast: Beastly Appendage |    22 |    14 |     5 |     2 ||    43
       Spider Form       |       |     4 |    30 |     8 ||    42
       Blade Hands       |       |       |     2 |    38 ||    40
Invok: Sacrifice Love    |       |       |     1 |       ||     1
Evoke: Wand              |       |       |       |     2 ||     2
  Use: Scroll            |       |     9 |     7 |    12 ||    28
       Potion            |       |     3 |     1 |     2 ||     6
 Stab: Sleeping          |     1 |       |       |       ||     1
       Distracted        |       |       |     1 |     1 ||     2
Armor: Robe              |    22 |    16 |     6 |    28 ||    72
       Skin              |       |     2 |     8 |    17 ||    27
Dodge: Dodged            |    62 |    81 |   190 |   172 ||   505

Table legend: (Time is in decaauts)
 A = Elapsed time spent in this place.
 B = Non-inter-level travel time spent in this place.
 C = Inter-level travel time spent in this place.
 D = Time resting spent in this place.
 E = Time spent auto-exploring this place.
 F = Levels seen in this place.
 G = Mean time per level.
                   A        B        C        D        E       F      G
               +--------+--------+--------+--------+--------+-----+--------+
         Total |  18199 |  17694 |    505 |   2928 |  12782 |  12 | 1516.6 |
       Dungeon |  17830 |  17336 |    494 |   2928 |  12424 |  11 | 1620.9 |
        Temple |    368 |    358 |     10 |      0 |    358 |   1 |  368.0 |
               +--------+--------+--------+--------+--------+-----+--------+

Top non-repeatable levels by time:
    D:10: 2368 daAuts
     D:4: 2098 daAuts
     D:7: 2042 daAuts
     D:5: 1913 daAuts
     D:8: 1855 daAuts
     D:6: 1847 daAuts
     D:3: 1718 daAuts
     D:1: 1484 daAuts
     D:9: 1236 daAuts
     D:2: 1047 daAuts
  Temple: 368 daAuts
    D:11: 218 daAuts
